 Dungeon Crawl Stone Soup version 0.19-a0-291-ga637243 (webtiles) character file.

81 mistymad the Vexing (level 4, -2/32 HPs)
             Began as a Vampire Enchanter on May 28, 2016.
             Slain by a gnoll
             ... wielding a +0 halberd
              (9 damage)
             ... on level 3 of the Dungeon.
             The game lasted 00:12:57 (2806 turns).

mistymad the Vexing (Vampire Enchanter)             Turns: 2806, Time: 00:12:58

Health: -2/32      AC:  2    Str:  7    XL:     4   Next: 20%
Magic:  1/7        EV:  8    Int: 18    God:
Gold:   99         SH:  0    Dex: 14    Spells: 3 memorised, 1 level left

rFire  . . .     SeeInvis +     m - +2 dagger (pain)
rCold  + . .     Gourm    .     h - +0 robe (curse)
rNeg   + + .     Faith    .     (no shield)
rPois  +         Spirit   .     (no helmet)
rElec  .         Dismiss  .     (no cloak)
rCorr  .         Reflect  .     (no gloves)
SustAt .         Harm     .     (no boots)
MR     .....                    (no amulet)
Stlth  +++.......               (no ring)
                                (no ring)

@: very slightly contaminated, regenerating slowly, not resistant to hostile
enchantments, fairly stealthy
A: fangs 3, see invisible, unbreathing
a: Bat Form


You were on level 3 of the Dungeon.
You were thirsty.

You visited 1 branch of the dungeon, and saw 3 of its levels.

You collected 99 gold pieces.

Inventory:

Hand Weapons
 m - a +2 dagger of pain (weapon)
Armour
 b - a +1 robe
 h - a cursed +0 robe (worn)
 n - a +0 buckler
Scrolls
 a - a scroll of amnesia {unknown}
 e - 5 scrolls of identify {unknown}
 f - a scroll of fear {unknown}
 g - a scroll of blinking {unknown}
 j - a scroll of teleportation {unknown}
 k - a scroll of immolation {unknown}
Potions
 d - 11 potions of blood
 i - a potion of mutation {unknown}
 l - a potion of curing {unknown}
Books
 c - a book of Maledictions

   Spells                             Type                      Level
   a - Corona                         Hexes                        1
   b - Ensorcelled Hibernation        Hexes/Ice                    2
   c - Confuse                        Hexes                        3
   d - Tukima's Dance                 Hexes                        3
   e - Dazzling Spray                 Conjuration/Hexes            3


   Skills:
 + Level 1.4 Fighting
 + Level 2.1 Short Blades
 + Level 2.6 Dodging
 + Level 5.0 Stealth
 + Level 2.3 Spellcasting
 + Level 5.0 Hexes


You had one spell level left.
You knew the following spells:

 Your Spells              Type           Power        Failure   Level  Hunger
a - Corona                Hex            ###....      1%          1    #......
b - Ensorcelled Hibernat  Hex/Ice        ##....       12%         2    ##.....
c - Confuse               Hex            ###.....     10%         3    ###....


Dungeon Overview and Level Annotations

Branches:
Dungeon (3/15)

Altars:


Innate Abilities, Weirdness & Mutations

You heal slowly.
You have razor-sharp teeth.
You have supernaturally acute eyesight. (SInv)
You can survive without breathing.


Message History

Aiming: Confuse
Press: ? - help, Shift-Dir - straight line, f - gnoll
Aim: a gnoll, wielding a halberd (chance to defeat MR: 59%)
You miscast Confuse.
You are very lightly contaminated with residual magic.
You feel a bit tired.
You are feeling thirsty.
The gnoll hits you from afar with a halberd!
You take 14 damage, and have 18/32 hp.
MASSIVE DAMAGE!!
You now have 4/7 mp.
Casting: Confuse
Confirm with . or Enter, or press ? or * to list all spells.
Aiming: Confuse
Press: ? - help, Shift-Dir - straight line, f/p - gnoll
Aim: a gnoll, wielding a halberd (chance to defeat MR: 59%)
You miscast Confuse.
Your skin tingles.
The gnoll hits you from afar with a halberd!
* * * LOW HITPOINT WARNING * * *
You take 11 damage, and have 7/32 hp.
MASSIVE DAMAGE!!
You now have 1/7 mp.
The gnoll hits you from afar with a halberd!
You die...

####### %
........ ..
...<.... .#.
........ ...
..%..... ..
...%....###.#####
...#.....@.......
.....#.#.##.#####
........g.......
.....#.#.#...#..
##.# #.#....## ##
#.# #.#.#..# ...
#.#.#$.... #.#
#.#.# ..... ...
..#)# .....


You could see a gnoll.

Vanquished Creatures
  A gnoll (D:2)
  An adder (D:1)
  A worm (D:1)
  2 dart slugs (D:1)
  3 giant geckos
  3 giant cockroaches
  A goblin (D:2)
  5 hobgoblins
  11 jackals
  6 kobolds
  A quokka (D:2)
  2 ball pythons (D:2)
  5 bats
  2 giant newts
  4 rats
48 creatures vanquished.

Notes
Turn   | Place    | Note
--------------------------------------------------------------
     0 | D:1      | mistymad the Vampire Enchanter began the quest for the Orb.
     0 | D:1      | Reached XP level 1. HP: 13/13 MP: 3/3
   726 | D:1      | Reached XP level 2. HP: 19/19 MP: 5/5
   730 | D:1      | Learned a level 2 spell: Ensorcelled Hibernation
  1096 | D:1      | Reached skill level 1 in Fighting
  1110 | D:1      | HP: 1/21 [jackal (2)]
  1442 | D:1      | Reached XP level 3. HP: 26/26 MP: 3/6
  1645 | D:1      | Noticed an ogre
  2554 | D:2      | Reached XP level 4. HP: 32/32 MP: 3/7
  2621 | D:3      | Reached skill level 5 in Hexes
  2638 | D:3      | Learned a level 3 spell: Confuse
  2724 | D:2      | Reached skill level 5 in Stealth
  2806 | D:3      | Slain by a gnoll

Vault maps used:
D:1:      minmay_arrival_shoal_huts
D:2:      first_bread
D:3:      uniq_purgy, uniq_crazy_yiuf_cottage

Skill      XL: |  1  2  3  4 |
---------------+-------------+-----
Fighting       | 1 |  1.4
Hexes          | 5 |  5.0
Short Blades   | 2 |  2.1
Stealth        | 5 |  5.0
Dodging        | |  2.6
Spellcasting   | |  2.3

Action                   |  1- 3 |  4- 6 || total
-------------------------+-------+-------++-------
Melee: Dagger            |   130 |    10 ||   140
       Bite              |    12 |     2 ||    14
 Cast: Corona            |     8 |       ||     8
       Ensorcelled Hiber |    30 |     1 ||    31
       Confuse           |       |     2 ||     2
  Use: Potion            |     2 |     1 ||     3
 Stab: Sleeping          |    24 |     1 ||    25
       Confused          |       |     1 ||     1
Armor: Robe              |    22 |     1 ||    23
Dodge: Dodged            |    80 |     4 ||    84
